 Dungeon Crawl Stone Soup version 0.20.1-1-g8b1a95d (webtiles) character file.

7308 vineage the Carver (level 11, -14/66 HPs)
             Began as a Gargoyle Fighter on Sept 11, 2017.
             Was a High Priest of Okawaru.
             Demolished by a white ugly thing (20 damage)
             ... on level 12 of the Dungeon.
             The game lasted 00:13:38 (8135 turns).

vineage the Carver (Gargoyle Fighter)               Turns: 8135, Time: 00:13:38

Health: -14/66     AC: 22    Str: 28    XL:     11   Next: 13%
Magic:  11/11      EV: 10    Int:  8    God:    Okawaru [*****.]
Gold:   294        SH: 21    Dex: 15    Spells: 10/10 levels left

rFire    . . .     SeeInvis .   u - +8 falchion of Giss {slice, Dex+5}
rCold    . . .     Gourm    .   Q - +0 large shield
rNeg     + . .     Faith    .   w - +1 ring mail {rPois}
rPois    ∞         Spirit   .   (no helmet)
rElec    +         Reflect  +   I - +2 cloak
rCorr    .         Harm     .   O - +1 pair of gloves
MR       .....                  m - +1 pair of boots
Stlth    ++........             o - +3 amulet of reflection
Regen    0.3/turn               d - +5 ring of strength
MPRegen  0.2/turn               (no ring)

@: invisible
A: negative energy resistance 1, electricity resistance, unbreathing,
petrification resistance, rot immunity, AC +7
a: Heroism, Finesse, Renounce Religion


You were on level 12 of the Dungeon.
You worshipped Okawaru.
Okawaru was extremely pleased with you.
You were not hungry.

You visited 2 branches of the dungeon, and saw 12 of its levels.

You collected 294 gold pieces.

Inventory:

Hand Weapons
 a - a +0 flail
 u - the +8 falchion of Giss (weapon) {slice, Dex+5}
   (You found it on level 5 of the Dungeon)

   It inflicts extra damage upon your enemies.
   It affects your dexterity (+5).
 H - a +3 scimitar of flaming
Armour
 b - a +0 scale mail
 c - a +0 shield
 m - a +1 pair of boots (worn)
 t - a +0 cloak
 w - a +1 ring mail of poison resistance (worn)
 I - a +2 cloak (worn)
 O - a +1 pair of gloves (worn)
 Q - a +0 large shield (worn)
Jewellery
 d - a +5 ring of strength (left hand)
 o - a +3 amulet of reflection (around neck)
 q - an uncursed amulet of harm {unknown}
 r - an uncursed amulet of faith {unknown}
Wands
 B - a wand of clouds (4/9)
 E - a wand of iceblast (4/15)
 L - a wand of digging (16/24)
Scrolls
 e - 2 scrolls of recharging
 g - 4 scrolls of magic mapping
 l - 3 scrolls of amnesia
 p - 5 scrolls of teleportation
 s - 9 scrolls of remove curse
 x - 3 scrolls of identify
 z - a scroll of random uselessness
 C - a scroll of enchant armour
 K - a scroll of fear
 N - a scroll of summoning {unknown}
Potions
 h - 2 potions of ambrosia
 j - a potion of mutation {unknown}
 k - 2 potions of flight
 v - 2 potions of haste
 A - 2 potions of heal wounds
 G - a potion of berserk rage {unknown}
 J - 2 potions of curing {unknown}
Books
 y - a book of Changes

   Spells                             Type                      Level
   a - Beastly Appendage              Transmutation                1
   b - Sticks to Snakes               Transmutation                2
   c - Spider Form                    Transmutation/Poison         3
   d - Ice Form                       Ice/Transmutation            4
   e - Blade Hands                    Transmutation                5
Comestibles
 f - 4 bread rations
 i - 5 meat rations
 n - 7 fruits
 D - a royal jelly


   Skills:
 + Level 6.8 Fighting
 * Level 10.4 Long Blades
 - Level 5.0 Maces & Flails
 + Level 6.4 Armour
 + Level 3.6 Dodging
 + Level 2.8 Stealth
 + Level 8.1 Shields


You had 10 spell levels left.
You didn't know any spells.

Dungeon Overview and Level Annotations

Branches:
Dungeon (10/15)            Temple (1/1) D:4
   Lair: D:8-11         Orc: D:9-12

Altars:
Ashenzari
Cheibriados
Dithmenos
Elyvilon
Fedhas
Gozag
Hepliaklqana
Kikubaaqudgha
Makhleb
Nemelex Xobeh
Okawaru
Qazlal
Ru
Sif Muna
Trog
Uskayaw
Vehumet
Xom
Yredelemnul
Zin
The Shining One


Innate Abilities, Weirdness & Mutations

You are resistant to torment.
Your stone body is resilient. (AC +7)
You are immune to poison.
You resist negative energy. (rN+)
You are resistant to electric shocks. (rElec)
You can survive without breathing.
You are immune to petrification.
You are immune to rotting.


Message History

You fall through a shaft for 2 floors!
The shaft crumbles and collapses.
A white ugly thing comes into view.
The white ugly thing gurgles horribly!
The white ugly thing closely misses you.
You slice the white ugly thing!!
The white ugly thing is moderately wounded.
You hit the white ugly thing.
The white ugly thing is heavily wounded.
The white ugly thing headbutts you. The white ugly thing freezes you!!
You slash the white ugly thing!
The white ugly thing is severely wounded.
The white ugly thing headbutts you. The white ugly thing freezes you!!
* * * LOW HITPOINT WARNING * * *
Okay, then.
You fade into invisibility!
The white ugly thing headbutts you.
* * * LOW HITPOINT WARNING * * *
The white ugly thing freezes you!!
You die...

######### ##
#.......# ...
#.......# ....
#.......+ .....
#.......#
......##.......#
......u@.......#
......##.......#
##### ######+##


You could see a white ugly thing.

Vanquished Creatures
  A two-headed ogre (D:8)
  Erica (D:8)
  The ghost of acidapple the Spear-Bearer, a novice MfSk of Gozag (D:8)
  Pikel (D:7)
  A hippogriff (D:7)
  A vampire (D:10)
  6 humans (D:6)
  A hungry ghost (D:7)
  Grum (D:8)
  An acid dragon (D:9)
  A water moccasin (D:8)
  2 slaves (D:7)
  2 sky beasts
  3 ice beasts
  4 phantoms
  An orc warrior (D:7)
  3 black bears
  2 ogres
  2 wolves (D:8)
  2 centaurs
  Blork the orc (D:4)
  4 bullfrogs
  A wyvern skeleton (D:8)
  3 scorpions
  4 wights (D:6)
  3 howler monkeys (D:8)
  A bullfrog zombie (D:6)
  5 crimson imps
  A quasit (D:9)
  3 hounds
  Crazy Yiuf (D:3)
  3 orc priests
  5 orc wizards
  2 centaur skeletons
  Ijyb (D:4)
  5 worker ants
  A hound zombie (D:9)
  6 adders
  2 shadow imps
  An ooze (D:3)
  An adder zombie (D:5)
  3 worms
  9 leopard geckos
  19 orcs
  3 ball pythons (D:3)
  6 bats
  10 giant cockroaches
  15 goblins
  3 hobgoblins
  10 jackals
  3 kobolds
  6 quokkas
  2 frilled lizards
  3 quokka skeletons
  5 rats
188 creatures vanquished.

Vanquished Creatures (others)
  A slave (D:7)
  A jackal (D:4)
  A frilled lizard (D:4)
3 creatures vanquished.

Grand Total: 191 creatures vanquished

Notes
Turn   | Place    | Note
-------+----------+-------------------------------------------
     0 | D:1      | vineage the Gargoyle Fighter began the quest for the Orb.
     0 | D:1      | Reached XP level 1. HP: 14/14 MP: 1/1
    58 | D:1      | You fall through a shaft!
    97 | D:1      | Reached XP level 2. HP: 9/19 MP: 2/2
   495 | D:1      | Reached XP level 3. HP: 24/24 MP: 3/3
  1410 | D:3      | Reached XP level 4. HP: 23/29 MP: 4/4
  1534 | D:3      | Reached skill level 1 in Dodging
  1812 | D:3      | Reached XP level 5. HP: 29/33 MP: 5/5
  2123 | D:3      | Found a runed door.
  2127 | D:3      | Noticed Crazy Yiuf
  2134 | D:3      | Killed Crazy Yiuf
  2324 | D:4      | Noticed Blork the orc
  2337 | D:4      | Killed Blork the orc
  2337 | D:4      | Reached XP level 6. HP: 26/38 MP: 6/6
  2521 | D:4      | Noticed Ijyb
  2548 | D:4      | Killed Ijyb
  2937 | D:4      | Reached XP level 7. HP: 24/44 MP: 7/7
  3087 | D:4      | Found a staircase to the Ecumenical Temple.
  3100 | D:5      | Entered Level 5 of the Dungeon
  3102 | D:5      | Reached skill level 5 in Shields
  3253 | D:5      | Found a glowing golden altar of the Shining One.
  3299 | D:5      | Got a twisted falchion
  3300 | D:5      | Identified the +8 falchion of Giss {slice, Dex+5} (You found it on level 5 of the Dungeon)
  3514 | D:5      | Reached skill level 1 in Stealth
  3565 | D:4      | Reached skill level 5 in Fighting
  3565 | D:4      | Reached skill level 5 in Maces & Flails
  3570 | Temple   | Entered the Ecumenical Temple
  3681 | Temple   | Became a worshipper of Warmaster Okawaru
  3785 | D:5      | Reached skill level 1 in Long Blades
  3785 | D:5      | Reached XP level 8. HP: 43/49 MP: 8/8
  3829 | D:5      | Reached skill level 5 in Armour
  4104 | D:6      | Reached skill level 2 in Long Blades
  4186 | D:6      | Reached skill level 3 in Long Blades
  4198 | D:6      | Reached * piety under Okawaru
  4199 | D:6      | Reached skill level 4 in Long Blades
  4208 | D:6      | Reached XP level 9. HP: 42/54 MP: 9/9
  4213 | D:6      | Reached ** piety under Okawaru
  4213 | D:6      | Reached skill level 5 in Long Blades
  4386 | D:6      | Reached skill level 6 in Long Blades
  5111 | D:7      | Reached *** piety under Okawaru
  5111 | D:7      | Reached skill level 7 in Long Blades
  5130 | D:7      | Noticed Pikel
  5143 | D:7      | Killed Pikel
  5143 | D:7      | Reached XP level 10. HP: 29/60 MP: 10/10
  5634 | D:7      | Reached skill level 8 in Long Blades
  5827 | D:8      | Noticed a two-headed ogre
  5847 | D:8      | Killed a two-headed ogre
  5847 | D:8      | Reached **** piety under Okawaru
  6030 | D:8      | Noticed Erica
  6053 | D:8      | Killed Erica
  6317 | D:8      | Noticed Grum
  6326 | D:8      | Killed Grum
  6326 | D:8      | Reached skill level 9 in Long Blades
  6397 | D:8      | Noticed acidapple's ghost (novice MfSk)
  6408 | D:8      | Killed acidapple's ghost
  7138 | D:9      | Reached ***** piety under Okawaru
  7280 | D:9      | Reached XP level 11. HP: 66/66 MP: 11/11
  7306 | D:9      | Reached skill level 10 in Long Blades
  7699 | D:10     | Entered Level 10 of the Dungeon
  8122 | D:10     | You fall through a shaft for 2 floors!
  8127 | D:12     | Noticed a white ugly thing
  8135 | D:12     | Demolished by a white ugly thing

Skill      XL: |  1  2  3  4  5  6  7  8  9 10 11 |
---------------+----------------------------------+-----
Shields        | 4 5 6 7 8 |  8.1
Maces & Flails | 3 4 5 |  5.0
Dodging        | 1 2 3 |  3.6
Fighting       | 4 5 6 |  6.8
Armour         | 4 5 6 |  6.4
Stealth        | 1 2 |  2.8
Long Blades    | 1 4 7 9 10 | 10.4

Action                   |  1- 3 |  4- 6 |  7- 9 | 10-12 || total
-------------------------+-------+-------+-------+-------++-------
Melee: Flail             |   157 |   211 |    18 |       ||   386
       Falchion          |       |       |   230 |   141 ||   371
  Use: Scroll            |       |     7 |     4 |     1 ||    12
       Potion            |       |     5 |       |     5 ||    10
 Stab: Invisible         |       |     1 |       |       ||     1
       Sleeping          |       |       |     1 |     3 ||     4
  Eat: Chunk             |     1 |     6 |     8 |    10 ||    25
Armor: Scale mail        |   108 |   106 |    58 |       ||   272
       Ring mail         |       |       |    15 |    50 ||    65
       Skin              |       |       |     1 |       ||     1
Dodge: Dodged            |    55 |    62 |    57 |    43 ||   217
Block: Shield            |   107 |   151 |   148 |    75 ||   481
       Reflection        |       |       |     2 |     3 ||     5
       Rpst.: Falchion   |       |       |    17 |    12 ||    29
